 Dungeon Crawl Stone Soup version 0.31.0-32-g396128a36d (webtiles) character file.

Game seed: 7112298975442016447

1353 AuftragZ the Magician (level 8, -2/36 HPs)
             Began as a Felid Conjurer on Apr 18, 2024.
             Was an Initiate of Ru.
             Slain by an ice beast (10 damage)
             ... on level 6 of the Dungeon.
             The game lasted 00:20:06 (5944 turns).

AuftragZ the Magician (Felid Conjurer)              Turns: 5944, Time: 00:20:07

Health: -2/36      AC:  2    Str:  9    XL:     8   Next: 36%
Magic:  11/19      EV: 20    Int: 25    God:    Ru [......]
Gold:   180        SH:  0    Dex: 14    Spells: 18/21 levels left
                                        Lives:  0   Deaths: 3

rFire   . . .        (weapon unavailable)
rCold   . . .        (shield unavailable)
rNeg    . . .        (body armour unavailable)
rPois   .            (helmet unavailable)
rElec   .            (cloak unavailable)
rCorr   .            (gloves unavailable)
SInv    +            (boots unavailable)
Will    +....        (no amulet)
Stlth   ++           e - +6 ring of strength
HPRegen 0.26/turn    j - ring of see invisible
MPRegen 0.16/turn

%: no passive effects
@: no status effects
A: very small, claws 1, fangs 3, see invisible, shaggy fur 2, stealthy paws, no
weapons or thrown items, no armour, multi-lived
a: Renounce Religion


You were on level 6 of the Dungeon.
You worshipped Ru.
Ru was noncommittal.
You visited 2 branches of the dungeon, and saw 7 of its levels.

You collected 224 gold pieces.
You spent 44 gold pieces at shops.

Inventory:

Jewellery
 c - an amulet of guardian spirit
 e - a +6 ring of strength (left paw)
 j - a ring of see invisible (right paw)
Wands
 i - a wand of light (8)
 l - a wand of mindburst (15)
Scrolls
 b - a scroll of teleportation
 f - a scroll of amnesia
 h - a scroll of revelation
Potions
 a - 2 potions of magic
 d - 3 potions of might
 g - 2 potions of haste
 k - a potion of enlightenment {unknown}
 m - a potion of curing


   Skills:
 + Level 0.2 Fighting
 * Level 6.5 Dodging
 - Level 2.6 Stealth
 * Level 7.1 Spellcasting
 + Level 6.0 Conjurations


You had 18 spell levels left.
You knew the following spells:

 Your Spells              Type           Power      Damage    Failure   Level
a - Magic Dart            Conj           100%       1d8       1%          1
b - Searing Ray           Conj           78%        2d7       1%          2

Your spell library contained the following spells:

 Spells                   Type           Power      Damage    Failure   Level
 Fulminant Prism          Conj/Alch      12%        3d8       19%         4
 Iskenderun's Mystic Bla  Conj/Tloc      24%        2d7       19%         4
 Volatile Blastmotes      Fire/Tloc      16%        2d11      21%         3


Dungeon Overview and Level Annotations

Branches:
Dungeon (6/15)             Temple (1/1) D:6

Altars:
Ashenzari
Cheibriados
Elyvilon
Fedhas
Hepliaklqana
Kikubaaqudgha
Okawaru
Qazlal
Ru
Trog
Uskayaw
Vehumet
Wu Jian
Xom
Yredelemnul

Shops:
D:1 !   D:3 (   D:5 *?[([


Innate Abilities, Weirdness & Mutations

You have sharp claws.
You have razor-sharp teeth.
You have supernaturally acute eyesight. (SInv)
You are covered in thick fur. (AC +2)
Your paws help you pounce on unaware monsters.
You are incapable of wielding weapons or throwing items.
You cannot wear armour.
You gain extra lives every three experience levels.


Message History

There is an open door here.
Found a club.
Found a stone staircase leading down.
You see here a +0 club.
There is a stone staircase leading down here.
You now have 180 gold pieces (gained 13).
An ice beast comes into view.
Casting: Searing Ray (safe; 1% risk of failure)
Confirm with . or Enter, or press ? or * to list all spells.
Aiming: Searing Ray (safe; 1% risk of failure)
Press: ? - help, Shift-Dir - straight line, f - ice beast
Aim: an ice beast (asleep, 100% to hit)
The searing ray hits the ice beast!
The ice beast is moderately wounded. (Press . to maintain the ray.)
The searing ray misses the ice beast.
The searing ray misses the ice beast.
The searing ray hits the ice beast but does no damage.
The ice beast is moderately wounded.
You finish channelling your searing ray.
The ice beast barely misses you. The ice beast hits you.
The ice beast freezes you!
Casting: Searing Ray (safe; 1% risk of failure)
Confirm with . or Enter, or press ? or * to list all spells.
Aiming: Searing Ray (safe; 1% risk of failure)
Press: ? - help, Shift-Dir - straight line, f/p - ice beast
Aim: an ice beast (moderately wounded, 81% to hit)
The searing ray hits the ice beast!
The ice beast is heavily wounded. (Press . to maintain the ray.)
The ice beast completely misses you.
The searing ray hits the ice beast.
The ice beast is severely wounded.
The ice beast hits you. The ice beast freezes you!
* * * LOW HITPOINT WARNING * * *
The searing ray hits the ice beast but does no damage.
The ice beast is severely wounded.
The ice beast hits you.
* * * LOW HITPOINT WARNING * * *
The ice beast freezes you!
You die...

#......# #......#
#......# #......#
. ####'### ...
#.# ###
#...##.####.###.#
#.........#...Y.#
#.#.....#.# #@#
#####.#)## #.#
.....#..####.#
.........>....#
......#########
#####.# #.#


You could see an ice beast.

Vanquished Creatures
  A shadow (D:6)
  An ice beast (D:6)
  2 black bears
  2 ogres (D:4)
  A centaur (D:5)
  3 bombardier beetles
  4 hounds
  2 gnoll boudas (D:4)
  A jelly (D:5)
  A sleepcap (D:5)
  Ijyb (D:3)
  4 iguanas
  An orc wizard (D:4)
  5 gnolls (D:4)
  8 adders
  2 ribbon worms
  2 dart slugs
  7 orcs
  6 endoplasms
  3 giant cockroaches
  3 goblins
  6 hobgoblins
  3 jackals (D:3)
  2 quokkas
  6 ball pythons
  5 bats
  A frilled lizard (D:1)
  9 kobolds
  7 rats
99 creatures vanquished.

Notes
Turn   | Place    | Note
-------+----------+-------------------------------------------
     0 | D:1      | AuftragZ the Felid Conjurer began the quest for the Orb.
     0 | D:1      | Reached XP level 1. HP: 9/9 MP: 4/4
   178 | D:1      | Found Xutaj's Distillery.
   461 | D:1      | Reached XP level 2. HP: 13/13 MP: 0/6
  1199 | D:2      | Learned a level 2 spell: Searing Ray
  1384 | D:2      | Reached XP level 3. HP: 16/16 MP: 1/7
  2047 | D:3      | Found Dufei's Weapon Emporium.
  2318 | D:3      | Noticed Ijyb
  2331 | D:3      | Killed Ijyb
  2332 | D:3      | Reached skill level 3 in Spellcasting
  2332 | D:3      | Reached XP level 4. HP: 4/21 MP: 6/9
  2332 | D:3      | Gained a life (2 lives remaining)
  3185 | D:4      | Noticed an ogre
  3337 | D:4      | Killed an ogre
  3338 | D:4      | Reached skill level 4 in Spellcasting
  3338 | D:4      | Reached XP level 5. HP: 24/24 MP: 3/12
  3567 | D:4      | Found a broken altar of Ashenzari.
  3661 | D:4      | Gained mutation: You are covered in thick fur. (AC +2)
                  | [Felid growth]
  3661 | D:4      | Reached XP level 6. HP: 28/28 MP: 2/13
  3862 | D:4      | Incinerated by a bombardier beetle
  3862 | D:4      | Lost a life (1 life remaining)
  4041 | D:4      | Reached skill level 5 in Conjurations
  4041 | D:4      | Slain by a gnoll
  4041 | D:4      | Lost a life (0 lives remaining)
  4074 | D:4      | Reached skill level 5 in Spellcasting
  4209 | D:4      | Reached XP level 7. HP: 31/32 MP: 8/16
  4209 | D:4      | Gained a life (1 life remaining)
  4252 | D:4      | Slain by a black bear
  4252 | D:4      | Lost a life (0 lives remaining)
  4494 | D:4      | Reached skill level 5 in Dodging
  4630 | D:5      | Entered Level 5 of the Dungeon
  4660 | D:5      | Found Haise Dao's Armour Shop.
  4702 | D:5      | Reached skill level 6 in Spellcasting
  4812 | D:5      | Found Wurocom's Antique Weapon Shoppe.
  4919 | D:5      | Found Loux's Armour Shoppe.
  5041 | D:5      | Found Roeshet's General Store.
  5156 | D:5      | Found Omnynuor's Magic Scroll Shop.
  5159 | D:5      | Bought a scroll of identify for 22 gold pieces
  5159 | D:5      | Bought a scroll of identify for 22 gold pieces
  5261 | D:5      | Reached XP level 8. HP: 10/36 MP: 8/19
  5458 | D:6      | Found a staircase to the Ecumenical Temple.
  5470 | Temple   | Entered the Ecumenical Temple
  5580 | Temple   | Became a worshipper of Ru the Awakened
  5744 | D:6      | Reached skill level 7 in Spellcasting
  5944 | D:6      | Slain by an ice beast

Illustrated notes

Levels and vault maps discovered:
D:1:      spicycebolla_arrival_clurvy, layout_basic, serial_shops, shop
D:2:      layout_basic
D:3:      layout_basic, serial_shops, nicolae_shop_scrapyard, uniq_ijyb
D:4:      layout_gridville, kennysheep_mini, minmay_fractal_squares_5
D:5:      layout_rooms, serial_shops, kennysheep_mini_moat,
          nicolae_shop_tiny_real_fake_doors, shop, nicolae_diamond_shop, shop
D:6:      minmay_polygon_palace, layout_basic, minmay_temple_entry_purple_smoke
Temple:   compressed_dpeg_circular_temple

Skill      XL: |  1  2  3  4  5  6  7  8 |
---------------+-------------------------+-----
Conjurations   | 4 5 6 |  6.0
Dodging        | 3 4 6 |  6.5
Spellcasting   | 3 4 5 6 7 |  7.1
Fighting       | |  0.2
Stealth        | |  2.6

Action                     |  1- 3 |  4- 6 |  7- 9 || total
---------------------------+-------+-------+-------++-------
  Melee: Unarmed           |       |     1 |     5 ||     6
         Punch             |       |       |     1 ||     1
         Bite              |       |       |     1 ||     1
   Cast: Magic Dart        |    75 |    72 |    28 ||   175
         Searing Ray       |     3 |    14 |    26 ||    43
    Use: Scroll            |     2 |     6 |     4 ||    12
         Potion            |     2 |     3 |       ||     5
 Armour: Skin              |     7 |     8 |    32 ||    47
  Dodge: Dodged            |    13 |    11 |    63 ||    87
